 Dungeon Crawl Stone Soup version 0.23.2-32-g37ab1d4649 (webtiles) character file.

Game seed: 14192101029753277545

37174 Acheron the Basher (level 13, -5/80 HPs)
             Began as a Gargoyle Gladiator on June 26, 2019.
             Was the Champion of Okawaru.
             Slain by an alligator snapping turtle (34 damage)
             ... on level 2 of the Shoals.
             The game lasted 01:43:54 (12009 turns).

Acheron the Basher (Gargoyle Gladiator)            Turns: 12009, Time: 01:43:54

Health: -5/80      AC: 27    Str: 19    XL:     13   Next: 95%
Magic:  16/22      EV: 17    Int: 14    God:    Okawaru [******]
Gold:   988        SH:  0    Dex: 13    Spells: 13/24 levels left

rFire    + + .     SeeInvis .   x - +8 whip "Snakebite" {curare, rPois}
rCold    + + .     Gourm    .   (no shield)
rNeg     + . .     Faith    .   g - +4 ring mail {rF+}
rPois    ∞         Spirit   .   c - +0 helmet
rElec    +         Reflect  .   E - scarf {rC+ rF+}
rCorr    .         Harm     .   H - +0 pair of gloves
MR       .....                  v - +1 pair of boots {run}
Stlth    +++.......             t - amulet of regeneration
HPRegen  0.63/turn              M - ring of protection from cold
MPRegen  0.18/turn              n - +3 ring of intelligence

@: heroism, finesse, very slow
A: negative energy resistance 1, electricity resistance, unbreathing,
petrification resistance, rot immunity, AC +9
a: Heroism, Finesse, Renounce Religion


You were on level 2 of the Shoals.
You worshipped Okawaru.
Okawaru was exalted by your worship.
You were not hungry.

You visited 4 branches of the dungeon, and saw 19 of its levels.
You also visited: Gauntlet.

You collected 988 gold pieces.

Inventory:

Hand Weapons
 b - the cursed +0 falchion of Blood {slice, -Tele Int+6}
   (You found it on level 5 of the Dungeon)

   It inflicts extra damage upon your enemies.
   It affects your intelligence (+6).
   It prevents most forms of teleportation.
   It has a curse placed upon it.
 w - a +2 war axe
 x - the +8 whip "Snakebite" (weapon) {curare, rPois}
   (You found it on level 7 of the Dungeon)

   It poisons the flesh of those it strikes.
   It protects you from poison.
 J - the +6 battleaxe of Popude {flame, rF+ Stlth+}
   (You found it on level 6 of the Lair of Beasts)

   It has been specially enchanted to burn those struck by it, causing extra
   injury to most foes and up to half again as much damage against particularly
   susceptible opponents.
   Big, fiery blades are also staple armaments of hydra-hunters.
   It protects you from fire.
   It makes you more stealthy.
Missiles
 d - 3 throwing nets
 j - 16 needles of sleeping
 u - 106 sling bullets
 y - 8 curare-tipped needles
 U - 25 javelins (quivered)
Armour
 c - a +0 helmet (worn)
 g - a +4 ring mail of fire resistance (worn)
 v - a +1 pair of boots of running (worn)
 E - a scarf of resistance (worn)
 H - a +0 pair of gloves (worn)
 Q - the cursed +1 ring mail "Utwot" {rC++ MR+ Dex+2, unknown}
   (You found it on level 5 of the Lair of Beasts)

   It affects your dexterity (+2).
   It greatly protects you from cold.
   It affects your resistance to hostile enchantments.
   It has a curse placed upon it.
 V - the +5 scale mail of Luhurgha {Dex+4}
   (You found it on level 3 of the Lair of Beasts)

   It affects your dexterity (+4).
 W - the +0 cloak "Zebemice" {rElec Str+3 Int-2 Stlth+, unknown}
   (Okawaru gifted it to you on level 3 of the Lair of Beasts)

   It affects your strength (+3).
   It affects your intelligence (-2).
   It insulates you from electricity.
   It makes you more stealthy.
Jewellery
 i - the amulet of the Final Decision {Spirit rF+ Int+9 Slay-2}
   (You found it in a Gauntlet)

   [amulet of guardian spirit]

   It causes incoming damage to be split between your health and magic.
   It affects your intelligence (+9).
   It affects your accuracy and damage with ranged weapons and melee attacks
   (-2).
   It protects you from fire.
 n - a +3 ring of intelligence (right hand)
 t - an amulet of regeneration (around neck)
 M - a ring of protection from cold (left hand)
 R - an uncursed ring of stealth
 T - a +3 ring of dexterity
Wands
 l - a wand of acid (14)
 z - a wand of polymorph (13)
 C - a wand of paralysis (9)
 P - a wand of digging (3)
 S - a wand of iceblast (9)
 Z - a wand of flame (14)
Scrolls
 e - 5 scrolls of remove curse
 G - a scroll of magic mapping
 L - 2 scrolls of teleportation
 N - a scroll of enchant armour
 O - 2 scrolls of blinking
Potions
 a - a potion of degeneration {unknown}
 k - 4 potions of curing
 m - 2 potions of cancellation
 o - 2 potions of heal wounds {unknown}
 p - 5 potions of agility
 r - 2 potions of flight
 s - 2 potions of lignification
 A - a potion of resistance
 B - 2 potions of mutation
 D - a potion of invisibility
 I - 3 potions of might
 K - a potion of haste
 X - a potion of ambrosia {unknown}
Miscellaneous
 h - a fan of gales
 F - a phial of floods
Comestibles
 f - 31 rations
 q - 4 chunks of flesh


   Skills:
 * Level 9.2(14.2) Fighting
 + Level 5.2(13.5) Axes
 * Level 11.2(16.7) Maces & Flails
 * Level 2.5(7.5) Throwing
 * Level 8.0(13.0) Armour
 * Level 6.3(11.3) Dodging
 * Level 8.2(13.2) Stealth
 * Level 6.3 Spellcasting
 * Level 4.5 Hexes
 * Level 4.6 Charms
 * Level 2.0 Summonings
 * Level 1.2 Necromancy
 * Level 4.2 Translocations
 * Level 4.1 Ice Magic
 * Level 5.0 Invocations
 * Level 3.8 Evocations


You had 13 spell levels left.
You knew the following spells:

 Your Spells              Type           Power        Failure   Level  Hunger
a - Shroud of Golubria    Chrm/Tloc      ###.......   5%          2    #......
b - Infusion              Chrm           ###.         3%          1    None
c - Spectral Weapon       Hex/Chrm       ###.....     10%         3    ###....
d - Ensorcelled Hibernat  Hex/Ice        ###...       5%          2    #......
e - Call Imp              Summ           ##......     14%         2    #......
f - Animate Skeleton      Necr           N/A          13%         1    None

Your spell library contained the following spells:

 Spells                   Type           Power        Failure   Level  Hunger
 Song of Slaying          Chrm           ###.....     4%          2    #......
 Pain                     Necr           #...         13%         1    None
 Swiftness                Chrm/Air       ##......     13%         2    #......
 Regeneration             Chrm/Necr      ##........   21%         3    ###....
 Beastly Appendage        Tmut           #.....       22%         1    None
 Shock                    Conj/Air       #...         22%         1    None
 Sting                    Conj/Pois      #...         22%         1    None
 Sticks to Snakes         Tmut           #.......     32%         2    #......
 Vampiric Draining        Necr           #.........   36%         3    ###....
 Ignite Poison            Fire/Tmut/Pois #.......     54%         3    ###....
 Spider Form              Tmut/Pois      #.........   54%         3    ###....
 Static Discharge         Conj/Air       #.......     54%         3    ###....
 Leda's Liquefaction      Hex/Erth       ##........   65%         4    ####...
 Ice Form                 Ice/Tmut       ##......     67%         4    ####...
 Animate Dead             Necr           N/A          78%         4    ####...
 Airstrike                Air            #.........   91%         4    ####...
 Petrify                  Tmut/Erth      #.......     91%         4    ####...
 Silence                  Hex/Air        ##........   94%         5    ######.
 Blade Hands              Tmut           #.........   99%         5    ######.
 Borgnjor's Vile Clutch   Necr/Erth      #.........   99%         5    ######.
 Lightning Bolt           Conj/Air       #.........   99%         5    ######.
 Darkness                 Hex            ###.......   99%         6    #######
 Hydra Form               Tmut           #.........   100%        6    #######
 Shadow Creatures         Summ           N/A          100%        6    #######
 Summon Hydra             Summ           ##........   100%        7    #######
 Statue Form              Tmut/Erth      Unusable     N/A         6    N/A

Dungeon Overview and Level Annotations

Branches:
Dungeon (10/15)            Temple (1/1) D:6            Lair (6/6) D:10
 Shoals (2/4) Lair:4       Spider (0/4) Lair:4        Slime (0/5) Lair:5
    Orc: D:9-12

Altars:
Cheibriados
Dithmenos
Elyvilon
Fedhas
Gozag
Hepliaklqana
Kikubaaqudgha
Makhleb
Nemelex Xobeh
Okawaru
Qazlal
Ru
Sif Muna
Uskayaw
Vehumet
Wu Jian
Xom
Yredelemnul
Zin
The Shining One
Jiyva

Shops:
D:8 %   D:10 %

Portals:
Trove: D:10 (give 7 potions of agility)

Annotations:
D:6 2 transporters
Lair:3 Josephine
Lair:4 exclusion: upstairs
Shoals:2 Polyphemus


Innate Abilities, Weirdness & Mutations

You are resistant to torment.
Your stone body is resilient. (AC +9)
You are immune to poison.
You resist negative energy. (rN+)
You are resistant to electric shocks. (rElec)
You can survive without breathing.
You are immune to petrification.
You are immune to rotting.


Message History

The dream sheep misses you.
You can now deal lightning-fast blows.
Your surroundings suddenly seem different.
Splash!
You fall into the shallow water.
Moving in this stuff is going to be slow.
You are no longer entranced.
An alligator snapping turtle comes into view.
Found a scroll of identify and a ration.
Found a stone staircase leading up and a stone staircase leading down.
A merfolk comes into view. It is wielding a +0 trident.
The merfolk shouts!
The alligator snapping turtle misses you.
A snapping turtle comes into view.
The alligator snapping turtle bites you from afar!
Found a shield.
The alligator snapping turtle completely misses you.
The merfolk hits you but does no damage.
The alligator snapping turtle bites you from afar!!
You die...

.##....≈≈≈≈≈≈≈≈≈≈#
..t....≈≈≈≈≈≈≈≈≈≈#
.......≈≈≈≈≈≈≈≈≈≈#
.......≈≈≈≈≈≈≈≈≈≈#
..[....≈≈≈≈≈≈≈≈≈≈#
.......m≈≈≈≈≈≈≈≈≈#
.....>.≈≈≈≈≈≈≈≈≈≈#
.......@≈≈≈≈≈≈≈≈≈#
.........t≈≈≈≈≈≈≈#
..........≈≈≈≈≈≈≈#
....###...≈≈≈≈≈≈≈#
... #?...≈≈≈≈≈≈#
.. .<...≈≈≈≈≈≈≈# .
..%..≈≈≈≈≈≈≈≈#
≈....≈≈≈≈≈≈≈≈#
...P.≈P≈≈≈≈≈≈#


You could see an alligator snapping turtle, a snapping turtle (wandering) and a
merfolk.

Vanquished Creatures
  Nessos (Lair:6)
  A minotaur (Gauntlet)
  A death ooze (Gauntlet)
  2 hydras
  A vault guard (D:10)
  2 catoblepae
  A two-headed ogre (D:8)
  4 death yaks (Lair:6)
  A deep troll shaman (Lair:6)
  Sonja (Lair:6)
  Urug (Lair:2)
  2 fire crabs
  2 sea snakes (Shoals:1)
  A lindwurm (Lair:6)
  2 harpies (Shoals:1)
  A merfolk siren (Shoals:1)
  A manticore (Shoals:1)
  4 elephants (Lair:6)
  10 spiny frogs
  4 black mambas
  Psyche (D:8)
  2 centaur skeletons
  2 rime drakes (Lair:4)
  6 komodo dragons
  A polar bear (Lair:6)
  A merfolk (Shoals:1)
  10 blink frogs
  7 hippogriffs
  2 snapping turtles
  3 wraiths (Lair:4)
  2 redbacks (Lair:4)
  16 yaks
  A basilisk (Lair:5)
  A wyvern (Lair:4)
  2 fire bats (Gauntlet)
  2 swamp worms (Gauntlet)
  A hungry ghost (D:8)
  6 water moccasins
  A hell hound (Gauntlet)
  12 porcupines
  2 orc warriors
  2 sky beasts
  2 black bears
  A necrophage (D:6)
  5 ogres
  2 phantoms
  5 wolves
  9 crocodiles
  A big kobold (D:8)
  6 bullfrogs
  A gnoll sergeant (D:8)
  A scorpion (D:7)
  3 howler monkeys
  2 electric eels (Lair:4)
  2 crimson imps
  2 jellies
  3 hounds
  2 orc priests
  4 orc wizards
  A bullfrog skeleton (D:7)
  Jessica (D:3)
  An iguana (D:7)
  Terence (D:3)
  12 worker ants
  A killer bee zombie (D:7)
  A worker ant zombie (D:9)
  4 gnolls
  10 adders
  An ooze (D:3)
  An adder skeleton (D:5)
  2 adder zombies
  A worm (D:2)
  2 dart slugs
  8 leopard geckos
  15 orcs
  6 giant cockroaches
  8 goblins
  8 hobgoblins
  21 jackals
  8 quokkas
  A ball python (D:6)
  4 bats
  2 frilled lizards
  A jackal skeleton (D:5)
  12 kobolds
  A quokka skeleton (D:5)
  7 rats
  A plant (D:5)
319 creatures vanquished.

Vanquished Creatures (others)
  A hell hog (Gauntlet)
  A harpy (Shoals:1)
  14 fungi
  11 plants
  A spectral weapon (Lair:2)
28 creatures vanquished.

Grand Total: 347 creatures vanquished

Notes
Turn   | Place    | Note
-------+----------+-------------------------------------------
     0 | D:1      | Acheron the Gargoyle Gladiator began the quest for the Orb.
     0 | D:1      | Reached XP level 1. HP: 12/12 MP: 1/1
   141 | D:1      | Reached XP level 2. HP: 16/17 MP: 2/2
   599 | D:1      | Reached XP level 3. HP: 22/22 MP: 4/4
  1144 | D:2      | Found a faded altar of an unknown god.
  1189 | D:2      | Reached skill level 1 in Spellcasting
  1295 | D:3      | Reached skill level 1 in Stealth
  1373 | D:3      | Noticed Jessica
  1382 | D:3      | Killed Jessica
  1382 | D:3      | Reached XP level 4. HP: 27/27 MP: 5/5
  1535 | D:2      | Reached skill level 1 in Armour
  1535 | D:2      | Reached XP level 5. HP: 27/32 MP: 5/7
  2137 | D:3      | Noticed Terence
  2151 | D:3      | Killed Terence
  2543 | D:5      | Entered Level 5 of the Dungeon
  2546 | D:5      | Got a warped falchion
  2561 | D:5      | Identified the cursed +0 falchion of Blood {slice, -Tele
                  | Int+6} (You found it on level 5 of the Dungeon)
  2792 | D:4      | Reached XP level 6. HP: 37/37 MP: 8/8
  3013 | D:6      | Noticed a phantom
  3042 | D:6      | Killed a phantom
  3042 | D:6      | Reached XP level 7. HP: 39/41 MP: 8/10
  3127 | D:6      | Found a staircase to the Ecumenical Temple.
  3179 | Temple   | Entered the Ecumenical Temple
  3329 | Temple   | Became a worshipper of Warmaster Okawaru
  3455 | D:7      | Found the +8 whip "Snakebite" {curare, rPois}
  3529 | D:7      | Reached skill level 5 in Axes
  3529 | D:7      | Reached skill level 1 in Maces & Flails
  3529 | D:7      | Reached XP level 8. HP: 27/48 MP: 10/12
  3697 | D:7      | Found a sacrificial altar of Ru.
  3697 | D:7      | Found a basalt altar of Yredelemnul.
  3698 | D:7      | Found a radiant altar of Vehumet.
  3738 | D:8      | Reached * piety under Okawaru
  3741 | D:8      | Reached skill level 2 in Maces & Flails
  3782 | D:8      | Reached skill level 3 in Maces & Flails
  3847 | D:7      | Reached ** piety under Okawaru
  4044 | D:8      | Found a deep blue altar of Sif Muna.
  4052 | D:8      | Noticed a two-headed ogre
  4056 | D:8      | Identified a scroll of acquirement
  4061 | D:8      | Killed a two-headed ogre
  4061 | D:8      | Reached skill level 5 in Fighting
  4061 | D:8      | Reached skill level 4 in Maces & Flails
  4061 | D:8      | Reached XP level 9. HP: 54/54 MP: 12/14
  4087 | D:8      | Reached *** piety under Okawaru
  4087 | D:8      | Reached skill level 5 in Maces & Flails
  4105 | D:8      | Noticed Psyche
  4118 | D:8      | Killed Psyche
  4118 | D:8      | Reached skill level 5 in Armour
  4122 | D:8      | Found Kajeco's Food Boutique.
  4283 | D:6      | Found a transporter.
  4299 | D:6      | Found a transporter.
  4327 | D:6      | Found a hazy altar of Hepliaklqana.
  4350 | D:6      | Reached skill level 5 in Stealth
  4444 | D:6      | Reached skill level 6 in Maces & Flails
  4771 | D:5      | Reached **** piety under Okawaru
  4771 | D:5      | Reached XP level 10. HP: 51/60 MP: 16/16
  5404 | D:8      | Learned a level 2 spell: Shroud of Golubria
  5406 | D:8      | Learned a level 1 spell: Infusion
  5410 | D:8      | Learned a level 3 spell: Spectral Weapon
  5487 | D:8      | Reached skill level 7 in Maces & Flails
  5701 | D:10     | Entered Level 10 of the Dungeon
  5710 | D:10     | Found Lacryego's Food Emporium.
  5753 | D:10     | Noticed a vault guard
  5764 | D:10     | Killed a vault guard
  5764 | D:10     | Reached ***** piety under Okawaru
  5764 | D:10     | Received a gift from Okawaru
  5764 | D:10     | Reached skill level 1 in Hexes
  5764 | D:10     | Reached skill level 1 in Charms
  5764 | D:10     | Reached skill level 1 in Invocations
  5772 | D:10     | Found a portal to a secret trove of treasure.
  5900 | D:10     | Found a staircase to the Lair.
  5913 | Lair:1   | Entered Level 1 of the Lair of Beasts
  5964 | Lair:1   | Learned a level 2 spell: Ensorcelled Hibernation
  6205 | Lair:1   | Noticed a spiny frog
  6472 | Lair:1   | Killed a spiny frog
  6472 | Lair:1   | Reached skill level 8 in Maces & Flails
  6656 | Lair:1   | Received a gift from Okawaru
  6656 | Lair:1   | Reached skill level 5 in Dodging
  6856 | Lair:2   | Reached skill level 1 in Translocations
  6876 | Lair:2   | Noticed a spiny frog
  6888 | Lair:2   | Reached skill level 1 in Ice Magic
  6911 | Lair:2   | Reached XP level 11. HP: 66/66 MP: 18/18
  6980 | Lair:2   | Reached skill level 1 in Evocations
  7218 | Lair:2   | Noticed a five-headed hydra
  7224 | Lair:2   | Noticed a catoblepas
  7484 | Lair:2   | Killed a five-headed hydra
  7495 | Lair:2   | Reached skill level 5 in Spellcasting
  7590 | Lair:2   | Noticed Urug
  7613 | Lair:2   | Killed Urug
  7734 | Lair:2   | Reached skill level 9 in Maces & Flails
  7815 | Lair:3   | Found a deep blue altar of Sif Muna.
  7957 | Lair:4   | Found a hole to the Spider Nest.
  7974 | Lair:4   | Noticed a fire crab
  7985 | Lair:4   | Killed a fire crab
  7985 | Lair:4   | Reached ****** piety under Okawaru
  7985 | Lair:4   | Received a gift from Okawaru
  8104 | Lair:3   | Got a warped scale mail
  8117 | Lair:3   | Received a gift from Okawaru
  8120 | Lair:3   | Got a twisted cloak {god gift}
  8134 | Lair:3   | Reached XP level 12. HP: 70/72 MP: 19/19
  8575 | Lair:4   | Noticed Josephine
  8701 | Lair:5   | Found a gate leading to a gauntlet.
  8759 | Gauntlet | Entered a Gauntlet
  8759 | Gauntlet | Found a transporter.
  8759 | Gauntlet | Found a transporter.
  8759 | Gauntlet | Found a transporter.
  8773 | Gauntlet | Found a transporter.
  8773 | Gauntlet | Found a transporter.
  8777 | Gauntlet | Found a runed translucent door.
  8779 | Gauntlet | Found a runed translucent door.
  8781 | Gauntlet | Found a transporter.
  8784 | Gauntlet | Found a transporter.
  8791 | Gauntlet | Noticed a hell hog
  8792 | Gauntlet | Found a transporter.
  8810 | Gauntlet | Found a transporter.
  8810 | Gauntlet | Noticed a death yak
  8812 | Gauntlet | Noticed a death yak
  8813 | Gauntlet | Noticed a death yak
  8814 | Gauntlet | Noticed a death yak
  8828 | Gauntlet | Found a transporter.
  8831 | Gauntlet | Found a transporter.
  8841 | Gauntlet | Found a transporter.
  8909 | Gauntlet | Identified the +5 scale mail of Luhurgha {Dex+4} (You found
                  | it on level 3 of the Lair of Beasts)
  8926 | Gauntlet | Noticed a death ooze
  8945 | Gauntlet | Killed a death ooze
  8981 | Gauntlet | Killed a hell hog
  8989 | Gauntlet | Reached skill level 10 in Maces & Flails
  8993 | Gauntlet | Got a twitching platinum amulet
  9010 | Gauntlet | Noticed a minotaur
  9037 | Gauntlet | Killed a minotaur
  9142 | Gauntlet | Identified Sif Muna's Incunabulum of Earth and Poison
  9142 | Gauntlet | Identified the Compendium of Creative Transformation
  9321 | Lair:5   | Found a staircase to the Slime Pits.
  9322 | Lair:5   | Found a viscous altar of Jiyva.
  9460 | Lair:5   | Got a bloodstained ring mail
  9703 | Lair:6   | Entered Level 6 of the Lair of Beasts
  9927 | Lair:6   | Noticed Nessos
  9937 | Lair:6   | Killed Nessos
 10054 | Lair:6   | Reached XP level 13. HP: 59/79 MP: 21/21
 10064 | Lair:6   | Learned a level 2 spell: Call Imp
 10091 | Lair:6   | Noticed Sonja
 10102 | Lair:6   | Killed Sonja
 10320 | Lair:6   | Received a gift from Okawaru
 10588 | Lair:6   | Reached skill level 1 in Summonings
 10628 | Lair:6   | Learned a level 1 spell: Animate Skeleton
 10765 | Lair:6   | Got an iridescent battleaxe
 10793 | Lair:6   | Identified the amulet of the Final Decision {Spirit rF+
                  | Int+9 Slay-2} (You found it in a Gauntlet)
 10794 | Lair:6   | Identified the +6 battleaxe of Popude {flame, rF+ Stlth+}
                  | (You found it on level 6 of the Lair of Beasts)
 11475 | Lair:4   | Received a gift from Okawaru
 11540 | Lair:4   | Reached skill level 11 in Maces & Flails
 11540 | Lair:4   | Reached skill level 1 in Necromancy
 11628 | Lair:4   | Found a staircase to the Shoals.
 11647 | Shoals:1 | Entered Level 1 of the Shoals
 11661 | Shoals:1 | Identified a +1 pair of boots of running (You acquired it
                  | on level 1 of the Shoals)
 11734 | Shoals:1 | Received a gift from Okawaru
 11833 | Shoals:1 | Reached skill level 5 in Invocations
 11843 | Shoals:1 | HP: 4/80 [water elemental (3)]
 11994 | Shoals:2 | Noticed Polyphemus
 12009 | Shoals:2 | Slain by an alligator snapping turtle

Skill      XL: |  1  2  3  4  5  6  7  8  9 10 11 12 13 |
---------------+----------------------------------------+-----
Axes           | 3 4 5 |  5.2
Spellcasting   | 1 2 3 4 5 6 |  6.3
Stealth        | 1 2 3 4 5 6 7 8 |  8.2
Armour         | 1 2 4 5 6 7 8 |  8.0
Fighting       | 3 4 5 6 7 8 9 |  9.2
Dodging        | 3 4 5 6 |  6.3
Maces & Flails | 1 4 6 8 9 10 11 | 11.2
Hexes          | 1 2 3 4 |  4.5
Charms         | 1 2 3 4 |  4.6
Invocations    | 2 3 4 5 |  5.0
Translocations | 1 2 3 4 |  4.2
Ice Magic      | 1 2 3 4 |  4.1
Evocations     | 2 3 |  3.8
Summonings     | 2 |  2.0
Throwing       | 2 |  2.5
Necromancy     | 1 |  1.2

Action                   |  1- 3 |  4- 6 |  7- 9 | 10-12 | 13-15 || total
-------------------------+-------+-------+-------+-------+-------++-------
Melee: War axe           |   118 |   138 |    46 |       |       ||   302
       Whip              |       |       |   179 |   595 |   362 ||  1136
       Punch             |       |       |       |     8 |     8 ||    16
Throw: Javelin           |       |       |       |       |     1 ||     1
 Cast: Shroud of Golubri |       |       |       |     1 |     1 ||     2
       Spectral Weapon   |       |       |       |     1 |     1 ||     2
       Animate Skeleton  |       |       |       |       |    11 ||    11
Invok: Heroism           |       |       |       |    14 |    12 ||    26
       Finesse           |       |       |       |     3 |     3 ||     6
  Use: Scroll            |     5 |     6 |     6 |    15 |     7 ||    39
       Potion            |       |       |       |       |     3 ||     3
 Stab: Sleeping          |     2 |       |     1 |    13 |     5 ||    21
       Distracted        |     1 |       |       |       |       ||     1
  Eat: Chunk             |     2 |     5 |    10 |    10 |     3 ||    30
       Ration            |       |       |       |     2 |     1 ||     3
Armor: Leather armour    |    48 |    18 |       |       |       ||    66
       Ring mail         |       |    98 |   113 |   206 |   145 ||   562
Dodge: Dodged            |   100 |   154 |   164 |   288 |   208 ||   914
